 Dungeon Crawl Stone Soup version 0.29-a0-360-g8ed1089bbe (webtiles) character file.

Game seed: 2575328333616180976

15789 Shayle the Fighter (level 12, -5/77 HPs)
             Began as a Tengu Brigand on Apr 28, 2022.
             Was an Initiate of Ashenzari.
             Slain by a reaper
             ... wielding a +2 scythe of freezing
              (11 damage)
             ... in an ice cave.
             The game lasted 01:04:10 (18388 turns).

Shayle the Fighter (Tengu Brigand)                 Turns: 18388, Time: 01:04:10

Health: -5/77      AC: 16    Str: 11    XL:     12   Next: 30%
Magic:  15/25      EV: 24    Int: 16    God:    Ashenzari [......]
Gold:   573        SH:  5    Dex: 17    Spells: 21/27 levels left

rFire   . . .      SeeInvis .   C - +2 scythe (flame)
rCold   + . .      Faith    .   (shield currently unavailable)
rNeg    . . .      Spirit   .   H - +0 steam dragon scales
rPois   .          Reflect  +   r - +2 hat "Prophetic Adversity" {Fort, Comp} (curse)
rElec   .          Harm     .   c - +0 cloak
rCorr   .          Rampage  .   (no gloves)
Will    .....                   (boots unavailable)
Stlth   ++++......              Q - amulet of reflection
HPRegen 0.22/turn               T - +4 ring of evasion
MPRegen 0.19/turn               V - ring of protection from cold

@: ice-armoured, flying quickly and evasively, quick
A: beak, talons 3, nimble flight
a: Renounce Religion, Curse Item, Shatter the Chains


You were in an ice cave.
You worshipped Ashenzari.
Ashenzari was noncommittal.
You visited 3 branches of the dungeon, and saw 12 of its levels.
You also visited: Ossuary and Ice Cave.

You collected 621 gold pieces.
You spent 48 gold pieces at shops.

Inventory:

Hand Weapons
 a - a +2 dagger
 g - a +2 whip of electrocution
 z - the +9 short sword of Chaos {drain, Str+2}
   (You found it on level 5 of the Dungeon)

   A truly terrible weapon, it drains the life of any living foe it strikes.
   Str:       It affects your strength (+2).
 C - a +2 scythe of flaming (weapon)
 D - a +2 flail of draining
 G - a +4 vorpal broad axe
Missiles
 d - 43 poisoned darts (quivered)
 e - 3 curare-tipped darts
 U - a throwing net
Armour
 b - a +0 robe
 c - a +0 cloak (worn)
 r - the cursed +2 hat "Prophetic Adversity" (worn) {Fort, Comp}
   (You found it on level 3 of the Dungeon)

   It has a curse which improves the following skills: Fortitude: Armour and
   Shields.
   Companions: Summonings and Necromancy.
 H - +0 steam dragon scales (worn)
 K - a +0 ring mail
Magical Staves
 L - a staff of conjuration
Jewellery
 t - the ring "Derchisso" {Fire rPois Dex-3 Slay+2}
   (You found it on level 3 of the Dungeon)

   [ring of fire]

   It enhances your fire magic.
   Dex:       It affects your dexterity (-3).
   Slay:      It affects your accuracy & damage with ranged weapons and melee
   (+2).
   rF:        It protects you from fire.
   rC:        It makes you vulnerable to cold.
   rPois:     It protects you from poison.
 w - a ring of magical power
 F - an amulet of guardian spirit
 Q - an amulet of reflection (around neck)
 T - a +4 ring of evasion (left hand)
 V - a ring of protection from cold (right hand)
Wands
 u - a wand of flame (1)
 y - a wand of polymorph (6)
 J - a wand of iceblast (12)
 P - a wand of charming (1)
 S - a wand of paralysis (4)
 X - a wand of mindburst (9)
Scrolls
 f - 4 scrolls of teleportation
 m - 2 scrolls of fog
 o - 4 scrolls of fear
 p - a scroll of blinking
 x - a scroll of immolation
 E - a scroll of brand weapon
 M - a scroll of amnesia
 N - a scroll of magic mapping
 W - a scroll of silence
Potions
 h - a potion of invisibility {unknown}
 i - 2 potions of haste
 j - 3 potions of magic
 k - 3 potions of mutation
 l - 5 potions of attraction
 n - 4 potions of curing
 q - a potion of lignification {unknown}
 v - 5 potions of degeneration
 O - a potion of flight {unknown}
 Z - a potion of might {unknown}


   Skills:
 + Level 9.9 Fighting
 - Level 2.1 Short Blades
 - Level 2.0 Throwing
 + Level 5.1(5.5) Armour
 - Level 9.2 Dodging
 - Level 8.0 Stealth
 + Level 3.6(4.0) Shields
 - Level 8.0 Spellcasting
 - Level 6.1 Conjurations
 + Level 4.4(4.8) Summonings
 + Level 4.0(4.4) Necromancy
 - Level 4.1 Ice Magic
 + Level 0.1 Earth Magic


You had 21 spell levels left.
You knew the following spells:

 Your Spells              Type           Power      Damage    Failure   Level
a - Ozocubu's Armour      Ice            19%        N/A       6%          3
b - Stone Arrow           Conj/Erth      32%        3d9       10%         3

Your spell library contained the following spells:

 Spells                   Type           Power      Damage    Failure   Level
 Sublimation of Blood     Necr           20%        N/A       2%          2
 Sting                    Tmut/Pois      24%        1d4       11%         1
 Poisonous Vapours        Pois/Air       12%        N/A       17%         2
 Wereblood                Tmut           6%         N/A       17%         2
 Confusing Touch          Hex            6%         N/A       32%         3
 Gell's Gravitas          Tloc           6%         N/A       32%         3
 Lesser Beckoning         Tloc           6%         N/A       32%         3
 Teleport Other           Tloc           6%         N/A       32%         3
 Animate Armour           Summ/Erth      28%        N/A       36%         4
 Olgreb's Toxic Radiance  Pois           6%         N/A       73%         4
 Metabolic Englaciation   Hex/Ice        6%         N/A       80%         5
 Simulacrum               Ice/Necr       10%        N/A       96%         6
 Yara's Violent Unravell  Hex/Tmut       3%         3d4       97%         5
 Dispersal                Tloc           3%         N/A       100%        6
 Enfeeble                 Hex            3%         N/A       100%        7
 Summon Hydra             Summ           11%        N/A       100%        7
 Lehudib's Crystal Spear  Conj/Erth      8%         10d3      100%        8


Dungeon Overview and Level Annotations

Branches:
Dungeon (9/15)             Temple (1/1) D:7            Lair (2/6) D:9
Ossuary (visited)           IceCv (1/1)
  Swamp: Lair:2-4    Shoals: Lair:2-4     Snake: Lair:2-4    Spider: Lair:2-4
    Orc: D:9-12

Altars:
Ashenzari
Cheibriados
Elyvilon
Fedhas
Gozag
Hepliaklqana
Kikubaaqudgha
Makhleb
Nemelex Xobeh
Okawaru
Qazlal
Ru
Sif Muna
Trog
Uskayaw
Vehumet
Wu Jian
Xom
Yredelemnul
Zin
The Shining One

Shops:
D:2 ?   D:3 [   D:5 (

Annotations:
D:6 1 runed translucent door, Crazy Yiuf, Grinder


Innate Abilities, Weirdness & Mutations

You have a beak for a mouth.
You have claws for feet.
Your magical nature lets you fly swiftly and evasively.


Message History

The reaper hits you with a +2 scythe of freezing!!
Unknown command.
Casting: Stone Arrow (dangerous; 10% risk of failure)
Confirm with . or Enter, or press ? or * to list all spells.
Aiming: Stone Arrow (dangerous; 10% risk of failure)
Press: ? - help, Shift-Dir - straight line, f/p - reaper
Aim: a reaper, wielding a +2 scythe of freezing (68% to hit)
The stone arrow hits the reaper!
The reaper is moderately wounded.
The reaper hits you with a +2 scythe of freezing!!
* * * LOW HITPOINT WARNING * * *
The reaper freezes you.
* * * LOW HITPOINT WARNING * * *
Okay, then.
Okay, then.
Okay, then.
Okay, then.
You hit the reaper. You peck the reaper, but do no damage.
The reaper is moderately wounded.
The reaper completely misses you.
You hit the reaper but do no damage. You claw the reaper.
The reaper is moderately wounded.
The reaper misses you.
You hit the reaper but do no damage. You claw the reaper.
The reaper is moderately wounded.
Hit: a) +2 dagger
Press: ? - help, Dir - move target, f/p - reaper
Aim: a reaper, wielding a +2 scythe of freezing (moderately wounded, about 29% to evade your +2 dagger)
Okay, then.
Unknown command.
Press: ? - help, v - describe, . - travel
Here: a reaper, wielding a +2 scythe of freezing (moderately wounded)
The floor.
Your +2 scythe of flaming bursts into flame!
C - a +2 scythe of flaming (weapon)
The reaper misses you.
You slash the reaper! You burn the reaper. You claw the reaper.
The reaper is heavily wounded.
The reaper hits you with a +2 scythe of freezing!
You die...

# ##### #Z#.#.#.#
### .#'#'#.#'#'# #..
..#.........'
#.#####.#.8.8.8.8.#
##.#/./#.#..........
#⌠.@2⌠?#.'..........
##.#[.?#.#..........
#.#####.#.8.8.8.8.#
#.......#.........'
######8.#'#+#.#'#'#
##.# #.#.#.#
#.#####'#####
#.'.........'
#############


You could see a reaper.

Vanquished Creatures
  A two-headed ogre (D:5)
  Pikel (D:7)
  An ugly thing (IceCv)
  An elephant (D:9)
  Joseph (D:9)
  An ice statue (IceCv)
  Psyche (D:8)
  3 cane toads
  Maggie (D:6)
  2 rime drakes (Lair:2)
  2 komodo dragons (Lair:1)
  3 anaconda simulacra (IceCv)
  3 ice devils (IceCv)
  A hornet (D:8)
  5 slime creatures
  Sigmund (D:5)
  14 yaks
  A vampire (D:9)
  2 dire elephant simulacra (IceCv)
  A basilisk (D:9)
  2 steam dragons
  2 harpy simulacra (IceCv)
  5 water moccasins
  6 orc warriors
  A sky beast (D:8)
  2 ice beasts (D:6)
  2 black bears
  3 centaurs
  A phantom (D:5)
  A lemure (D:7)
  4 kobold brigands (D:8)
  6 bullfrogs
  A necrophage (D:5)
  Blork the orc (D:6)
  2 scorpions
  A gnoll sergeant (D:9)
  A two-headed ogre simulacrum (IceCv)
  5 wights
  14 killer bees
  5 electric eels
  5 hounds
  A gnoll shaman (D:8)
  2 orc priests
  3 jellies
  3 orc wizards
  3 iguanas
  2 spriggan simulacra (IceCv)
  4 mummies
  10 gnolls
  A naga simulacrum (IceCv)
  7 adders
  2 shadow imps
  3 white imps
  An ufetubus (IceCv)
  3 adder zombies (Ossuary)
  A dart slug (D:2)
  28 orcs
  11 ball pythons
  11 endoplasms
  4 giant cockroaches
  5 hobgoblins
  30 kobolds
  2 quokkas
  3 bats
  2 frilled lizards
  A gnoll zombie (Ossuary)
  6 goblins
  3 goblin zombies
  3 hobgoblin zombies (Ossuary)
  3 kobold zombies (Ossuary)
  2 quokka zombies (Ossuary)
  3 rats
  5 rat zombies
284 creatures vanquished.

Vanquished Creatures (collateral kills)
  An ice statue (IceCv)
1 creature vanquished.

Vanquished Creatures (others)
  A kobold (D:8)
  81 plants
82 creatures vanquished.

Grand Total: 367 creatures vanquished

Notes
Turn   | Place    | Note
-------+----------+-------------------------------------------
     0 | D:1      | Shayle the Tengu Brigand began the quest for the Orb.
     0 | D:1      | Reached XP level 1. HP: 12/12 MP: 2/2
   122 | D:1      | Found a faded altar of an unknown god.
   125 | D:1      | Reached XP level 2. HP: 17/17 MP: 3/3
   609 | D:1      | Reached XP level 3. HP: 22/22 MP: 5/5
  1024 | D:2      | Reached skill level 1 in Spellcasting
  1280 | D:2      | Found Anuna's Magic Scroll Shop.
  1291 | D:2      | Bought a scroll of identify for 24 gold pieces
  1291 | D:2      | Bought a scroll of fog for 24 gold pieces
  1942 | D:3      | Reached XP level 4. HP: 14/27 MP: 5/7
  2344 | D:3      | Found Hissatua's Armour Emporium.
  2556 | D:3      | Gained mutation: Your magical nature lets you fly swiftly
                  | and evasively. [Tengu growth]
  2556 | D:3      | Reached XP level 5. HP: 10/32 MP: 7/9
  2884 | D:3      | Identified the ring "Derchisso" {Fire rPois Dex-3 Slay+2}
  3842 | D:4      | Reached skill level 5 in Stealth
  3847 | D:4      | Reached XP level 6. HP: 20/37 MP: 10/10
  4305 | D:5      | Entered Level 5 of the Dungeon
  4309 | D:5      | Found Dozxauqa's Antique Weapon Shop.
  4468 | D:5      | Noticed a two-headed ogre
  4491 | D:5      | Killed a two-headed ogre
  4492 | D:5      | Reached skill level 5 in Dodging
  4492 | D:5      | Reached XP level 7. HP: 44/44 MP: 11/13
  4492 | D:5      | Reached XP level 8. HP: 48/48 MP: 11/14
  4534 | D:5      | Found Iwkex's Neck Hole.
  4640 | D:5      | Identified the +9 short sword of Chaos {drain, Str+2}
  4677 | D:5      | Found a glowing silver altar of Zin.
  4703 | D:5      | Reached skill level 5 in Fighting
  4979 | D:5      | Noticed Sigmund
  4983 | D:5      | Killed Sigmund
  4988 | D:5      | Found a bloodstained altar of Trog.
  5393 | D:6      | Noticed Blork the orc
  5401 | D:6      | Killed Blork the orc
  5407 | D:6      | Reached XP level 9. HP: 30/55 MP: 15/17
  5570 | D:6      | Found a runed translucent door.
  5571 | D:6      | Noticed Crazy Yiuf
  5683 | D:6      | Reached skill level 5 in Spellcasting
  6196 | D:6      | Noticed Maggie
  6212 | D:6      | Killed Maggie
  6274 | D:6      | Noticed Grinder
  6529 | D:5      | Upgraded the game from 0.29-a0-359-g541a27f54d to
                  | 0.29-a0-360-g8ed1089bbe
  6681 | D:7      | Found a staircase to the Ecumenical Temple.
  6691 | D:7      | Found an opulent altar of Gozag.
  6766 | Temple   | Entered the Ecumenical Temple
  6915 | Temple   | Became a worshipper of Ashenzari the Shackled
  6948 | D:7      | Noticed Pikel
  7045 | D:7      | Killed Pikel
  7434 | D:8      | Noticed Psyche
  7679 | D:8      | Reached XP level 10. HP: 51/63 MP: 20/20
  7694 | D:8      | Found a basalt altar of Yredelemnul.
  7695 | D:8      | Found a stormy altar of Qazlal.
  7789 | D:8      | Found a sand-covered staircase.
  7796 | Ossuary  | Entered an ossuary
  8374 | D:8      | Found an ancient bone altar of Kikubaaqudgha.
 10502 | D:7      | Learned a level 3 spell: Ozocubu's Armour
 10586 | D:8      | Reached skill level 1 in Armour
 10586 | D:8      | Reached skill level 1 in Conjurations
 10726 | D:8      | Reached skill level 1 in Ice Magic
 10754 | D:8      | Reached XP level 11. HP: 69/69 MP: 23/23
 10782 | D:8      | Killed Psyche
 10949 | D:9      | Found a staircase to the Lair.
 10984 | D:9      | Found a snail-covered altar of Cheibriados.
 11376 | D:9      | Noticed Joseph
 11491 | D:9      | Killed Joseph
 11492 | D:9      | Reached skill level 1 in Summonings
 11492 | D:9      | Reached skill level 1 in Necromancy
 11836 | D:9      | Reached skill level 1 in Shields
 12397 | Lair:1   | Entered Level 1 of the Lair of Beasts
 13077 | Lair:1   | Reached skill level 5 in Conjurations
 13936 | Lair:2   | Found a frozen archway.
 13946 | IceCv    | Entered an ice cave
 14050 | IceCv    | Reached XP level 12. HP: 37/77 MP: 25/25
 14739 | IceCv    | Learned a level 3 spell: Stone Arrow
 17938 | IceCv    | Reached skill level 5 in Armour
 18375 | IceCv    | Noticed a reaper
 18388 | IceCv    | Slain by a reaper

Illustrated notes

Levels and vault maps discovered:
D:1:      dpeg_arrival_windows_large_door, layout_loops_cross,
          basic_ecumenical_altar
D:2:      layout_basic, serial_shops, shop, chequers_jeans
D:3:      layout_basic, serial_shops, nicolae_shop_hallway_plus,
          minmay_pentomino_pile
D:4:      layout_gridville
D:5:      layout_loops_cross, mainiacjoe_overflow_24_doors,
          mainiacjoe_overflow_brackets, serial_shops, kennysheep_mini,
          nicolae_shop_sticking_my_neck_out, uniq_sigmund
D:6:      layout_basic, uniq_blork_the_orc, uniq_crazy_yiuf_cottage,
          uniq_grinder, uniq_maggie
D:7:      layout_basic, nicolae_gozag_seed_capital, minmay_temple_entry_statues,
          uniq_pikel
D:8:      layout_rooms, lemuel_round_altar, jmf_multi_god_temple,
          enter_ossuary_4, uniq_psyche
D:9:      layout_rooms, slow_altar_2, david_lair_generic, serial_bayou,
          serial_bayou_lagoon_a, serial_bayou_pond_b, serial_bayou_shore_a,
          serial_bayou_pond_b, serial_bayou_crossing, uniq_joseph
Temple:   eino_temple_water
Lair:1:   layout_loops_ring, chequers_serial_rivers_large_b, serial_bayou_ford_a
Lair:2:   layout_loops_ring, minmay_snake_entry_six_corridors,
          portal_ice_cave_rime
IceCv:    ice_cave_tombish

Skill      XL: |  1  2  3  4  5  6  7  8  9 10 11 12 |
---------------+-------------------------------------+-----
Spellcasting   | 1 2 3 4 6 7 8 |  8.0
Dodging        | 2 3 5 6 7 9 |  9.2
Fighting       | 3 4 5 7 8 9 |  9.9
Stealth        | 5 6 7 8 |  8.0
Armour         | 1 4 5 |  5.1
Conjurations   | 2 5 6 |  6.1
Ice Magic      | 1 3 4 |  4.1
Summonings     | 3 4 |  4.4
Necromancy     | 3 4 |  4.0
Shields        | 3 |  3.6
Short Blades   | |  2.1
Throwing       | |  2.0
Earth Magic    | |  0.1

Action                   |  1- 3 |  4- 6 |  7- 9 | 10-12 || total
-------------------------+-------+-------+-------+-------++-------
Melee: Dagger            |    33 |       |       |     4 ||    37
       Kick              |    10 |    20 |    36 |   281 ||   347
       Peck              |     9 |    21 |    24 |   190 ||   244
       Whip              |    30 |    80 |     6 |       ||   116
       Short sword       |       |       |   135 |   467 ||   602
       Punch             |       |       |       |    13 ||    13
       Scythe            |       |       |       |   163 ||   163
       Broad axe         |       |       |       |   140 ||   140
Throw: Dart              |       |     9 |     9 |     9 ||    27
 Cast: Stone Arrow       |       |       |       |    17 ||    17
       Ozocubu's Armour  |       |       |       |     1 ||     1
Invok: Curse Item        |       |       |       |     1 ||     1
Evoke: Wand              |       |       |       |    11 ||    11
  Use: Scroll            |     1 |     6 |    10 |    15 ||    32
       Potion            |       |     2 |     1 |    10 ||    13
 Stab: Sleeping          |     9 |     8 |     6 |    15 ||    38
       Distracted        |       |     1 |       |     3 ||     4
Armor: Robe              |    15 |    17 |    10 |       ||    42
       Steam dragon scal |       |       |    11 |   139 ||   150
Dodge: Dodged            |    32 |    56 |   107 |   928 ||  1123
Block: Other             |       |       |       |   118 ||   118
       Reflection        |       |       |       |     3 ||     3

Table legend: (Time is in decaauts)
 A = Elapsed time spent in this place.
 B = Non-inter-level travel time spent in this place.
 C = Inter-level travel time spent in this place.
 D = Time resting spent in this place.
 E = Time spent auto-exploring this place.
 F = Levels seen in this place.
 G = Mean time per level.
                   A        B        C        D        E       F      G
               +--------+--------+--------+--------+--------+-----+--------+
         Total |  18089 |  17771 |    318 |   7679 |   5610 |  14 | 1292.1 |
       Dungeon |  11500 |  11207 |    293 |   3494 |   4730 |   9 | 1277.8 |
        Temple |    150 |    136 |     14 |      0 |     93 |   1 |  150.0 |
          Lair |   1465 |   1455 |     10 |    357 |    786 |   2 |  732.5 |
       Ossuary |    308 |    308 |      0 |    161 |      0 |   1 |  308.0 |
      Ice Cave |   4664 |   4664 |      0 |   3666 |      0 |   1 | 4664.0 |
               +--------+--------+--------+--------+--------+-----+--------+

Top non-repeatable levels by time:
   IceCv: 4664 daAuts
     D:7: 2478 daAuts
     D:3: 1723 daAuts
     D:9: 1444 daAuts
  Lair:1: 1290 daAuts
     D:5: 1157 daAuts
     D:6: 1102 daAuts
     D:8: 1077 daAuts
     D:1: 938 daAuts
     D:2: 851 daAuts
     D:4: 725 daAuts
 Ossuary: 308 daAuts
  Lair:2: 175 daAuts
  Temple: 150 daAuts
